 Dungeon Crawl Stone Soup version 0.21.0 (webtiles) character file.

1995 Suckerboh the Arsonist (level 9, -14/46 HPs)
             Began as a Deep Elf Fire Elementalist on Jan 6, 2018.
             Was an Initiate of Vehumet.
             Killed from afar by PeterMcNeter's ghost (15 damage)
             ... with a fireball
             ... on level 6 of the Dungeon.
             The game lasted 00:16:44 (7509 turns).

Suckerboh the Arsonist (Deep Elf Fire Elementalist) Turns: 7509, Time: 00:16:45

Health: -14/46     AC:  4    Str:  5    XL:     9   Next: 1%
Magic:  19/23      EV: 14    Int: 24    God:    Vehumet [......]
Gold:   227        SH:  0    Dex: 15    Spells: 9/24 levels left

rFire    . . .     SeeInvis .   a - +1 flail (protect)
rCold    . . .     Gourm    .   (no shield)
rNeg     . . .     Faith    .   z - +1 robe {Archmagi}
rPois    .         Spirit   .   (no helmet)
rElec    .         Reflect  .   (no cloak)
rCorr    .         Harm     .   (no gloves)
MR       .....                  x - +0 pair of boots
Stlth    ++........             (no amulet)
HPRegen  0.15/turn              (no ring)
MPRegen  0.18/turn              (no ring)

@: no status effects
A: no striking features
a: Renounce Religion


You were on level 6 of the Dungeon.
You worshipped Vehumet.
Vehumet was noncommittal.
You were hungry.

You visited 2 branches of the dungeon, and saw 7 of its levels.

You collected 227 gold pieces.

Inventory:

Hand Weapons
 a - a +1 flail of protection (weapon)
 l - a +1 short sword of venom
 A - the +11 long sword "Weneox" {venom, +Inv Str+6 Stlth-, unknown}
   (You found it on level 4 of the Dungeon)

   It poisons the flesh of those it strikes.
   It affects your strength (+6).
   It lets you turn invisible.
   It makes you less stealthy.
Armour
 x - a +0 pair of boots (worn)
 z - a +1 robe of the Archmagi (worn)
Magical Staves
 n - an uncursed staff of cold
Jewellery
 F - an uncursed amulet of regeneration {unknown}
Wands
 G - a wand of scattershot (3)
Scrolls
 e - a scroll of noise {unknown}
 h - 2 scrolls of enchant weapon {unknown}
 i - 2 scrolls of magic mapping {unknown}
 o - 3 scrolls of identify {unknown}
 q - 3 scrolls of teleportation {unknown}
 t - a scroll of immolation {unknown}
 u - a scroll of fear {unknown}
 v - 2 scrolls of remove curse
 y - a scroll of fog {unknown}
 C - a scroll of blinking {unknown}
 D - a scroll of enchant armour {unknown}
Potions
 d - a potion of flight {unknown}
 g - a potion of cancellation {unknown}
 j - a potion of might {unknown}
 m - 2 potions of curing {unknown}
 p - 2 potions of mutation {unknown}
 r - 2 potions of degeneration {unknown}
 w - a potion of ambrosia {unknown}
 B - a potion of heal wounds {unknown}
 E - a potion of lignification {unknown}
Books
 b - a book of Flames

   Spells                             Type                      Level
   a - Flame Tongue                   Conjuration/Fire             1
   b - Throw Flame                    Conjuration/Fire             2
   c - Conjure Flame                  Conjuration/Fire             3
   d - Inner Flame                    Hexes/Fire                   3
   e - Sticky Flame                   Conjuration/Fire             4
   f - Fireball                       Conjuration/Fire             5
 k - a book of Conjurations

   Spells                             Type                      Level
   a - Magic Dart                     Conjuration                  1
   b - Searing Ray                    Conjuration                  2
   c - Dazzling Spray                 Conjuration/Hexes            3
   d - Fulminant Prism                Conjuration/Hexes            4
   e - Force Lance                    Conjuration/Translocation    4
   f - Iskenderun's Mystic Blast      Conjuration                  4
 s - a book of Minor Magic

   Spells                             Type                      Level
   a - Magic Dart                     Conjuration                  1
   b - Blink                          Translocation                2
   c - Call Imp                       Summoning                    2
   d - Slow                           Hexes                        2
   e - Conjure Flame                  Conjuration/Fire             3
   f - Mephitic Cloud                 Conjuration/Poison/Air       3
Comestibles
 c - 12 rations


   Skills:
 + Level 0.5 Fighting
 + Level 0.4 Staves
 + Level 3.8 Dodging
 - Level 2.4 Stealth
 + Level 8.1 Spellcasting
 * Level 7.5 Conjurations
 * Level 8.4 Fire Magic


You had 9 spell levels left.
You knew the following spells:

 Your Spells              Type           Power        Failure   Level  Hunger
a - Flame Tongue          Conj/Fire      #####        1%          1    None
b - Conjure Flame         Conj/Fire      ######..     1%          3    None
c - Magic Dart            Conj           ####         1%          1    None
d - Blink                 Tloc           N/A          10%         2    None
e - Sticky Flame          Conj/Fire      ######..     2%          4    ##.....
f - Iskenderun's Mystic   Conj           ######..     2%          4    ##.....


Dungeon Overview and Level Annotations

Branches:
Dungeon (6/15)             Temple (1/1) D:5

Altars:
Fedhas
Gozag
Vehumet
Yredelemnul
Zin

Annotations:
D:6 PeterMcNeter's ghost, novice DEFE


Message History

PeterMcNeter's ghost hits you. PeterMcNeter's ghost freezes you.
PeterMcNeter's ghost gestures at you while chanting.
The puff of flame hits you!
PeterMcNeter's ghost shrieks, "There is no future for me!"
You see here a war axe.
PeterMcNeter's ghost gestures at you while chanting.
The fireball explodes!
The fireball engulfs you!
Ouch! That really hurt!
* * * LOW HITPOINT WARNING * * *
Casting: Flame Tongue
Confirm with . or Enter, or press ? or * to list all spells.
Aiming: Iskenderun's Mystic Blast
Press: ? - help, Shift-Dir - straight line, f - PeterMcNeter's ghost
Aim: PeterMcNeter's ghost, wielding a weapon of freezing You feel a surge of power!
The orb of energy hits PeterMcNeter's ghost.
PeterMcNeter's ghost is moderately damaged.
PeterMcNeter's ghost points at you and mumbles some strange words.
The fireball explodes!
The fireball engulfs you!
You die...

##........ #........
#........ #........
##########.....<..
##.............####
#..######.....#....
######.######...........
#......@...#...........<
#..........#............
#..........#............
#.........W#............
#...........)...........
#...........§§.§..§.....
#####..§≈≈≈≈.≈§§§≈.≈≈≈≈≈
#..≈###§§§###≈.§###≈
#..§# #§§≈# #≈.≈# #≈


You could see PeterMcNeter's ghost.

Vanquished Creatures
  Pikel (D:6)
  The ghost of Zeloya the Sneak, a novice KoWn (D:4)
  A phantom (D:5)
  An ice beast (D:6)
  2 slaves (D:6)
  2 ogres
  A centaur (D:4)
  A bullfrog (D:6)
  2 scorpions
  The ghost of dscm the Skirmisher, a weakling DsFi (D:5)
  A howler monkey (D:4)
  A crimson imp (D:5)
  4 orc priests
  A hound (D:6)
  4 orc wizards
  2 worker ants
  A hound skeleton (D:6)
  A worker ant zombie (D:5)
  6 gnolls
  A howler monkey skeleton (D:4)
  5 adders
  A shadow imp (D:6)
  An ooze (D:1)
  An adder skeleton (D:4)
  3 worms
  A dart slug (D:3)
  4 leopard geckos
  30 orcs
  4 bats
  8 giant cockroaches
  9 goblins
  6 hobgoblins
  17 jackals
  3 kobolds
  2 quokkas
  2 ball pythons
  6 frilled lizards
  2 leopard gecko skeletons (D:4)
  8 rats
148 creatures vanquished.

Notes
Turn   | Place    | Note
-------+----------+-------------------------------------------
     0 | D:1      | Suckerboh the Deep Elf Fire Elementalist began the quest for the Orb.
     0 | D:1      | Reached XP level 1. HP: 10/10 MP: 6/6
   198 | D:1      | Reached XP level 2. HP: 15/15 MP: 4/8
   484 | D:1      | Reached XP level 3. HP: 19/19 MP: 5/9
  1485 | D:2      | Reached XP level 4. HP: 21/24 MP: 6/11
  2561 | D:3      | Learned a level 3 spell: Conjure Flame
  2646 | D:3      | Reached XP level 5. HP: 28/28 MP: 11/13
  2724 | D:3      | Noticed an ogre
  2729 | D:3      | Killed an ogre
  2729 | D:3      | Reached skill level 5 in Fire Magic
  3048 | D:3      | Reached XP level 6. HP: 32/32 MP: 10/15
  3665 | D:4      | Learned a level 1 spell: Magic Dart
  3746 | D:4      | Noticed Zeloya's ghost (novice KoWn)
  4013 | D:4      | Reached skill level 5 in Spellcasting
  4132 | D:4      | Killed Zeloya's ghost
  4132 | D:4      | Reached XP level 7. HP: 36/36 MP: 3/17
  4700 | D:4      | Reached skill level 5 in Conjurations
  4764 | D:4      | Got a twisted long sword
  5408 | D:4      | Learned a level 2 spell: Blink
  5413 | D:4      | Learned a level 4 spell: Sticky Flame
  5434 | D:5      | Entered Level 5 of the Dungeon
  5849 | D:5      | Found a glowing silver altar of Zin.
  5880 | D:5      | Reached XP level 8. HP: 38/42 MP: 9/19
  6194 | D:5      | Found a staircase to the Ecumenical Temple.
  6199 | D:5      | Noticed dscm's ghost (weakling DsFi)
  6203 | Temple   | Entered the Ecumenical Temple
  6213 | Temple   | Became a worshipper of Vehumet
  6243 | D:5      | Killed dscm's ghost
  6311 | D:5      | Learned a level 4 spell: Iskenderun's Mystic Blast
  6980 | D:6      | Noticed PeterMcNeter's ghost (novice DEFE)
  7146 | D:6      | Noticed Pikel
  7175 | D:6      | Killed Pikel
  7175 | D:6      | Reached XP level 9. HP: 46/46 MP: 10/23
  7508 | D:6      | HP: 1/46 [PeterMcNeter's ghost/fireball (27)]
  7509 | D:6      | Killed from afar by PeterMcNeter's ghost

Skill      XL: |  1  2  3  4  5  6  7  8 |
---------------+-------------------------+-----
Fire Magic     | 4 5 6 8 |  8.4
Conjurations   | 2 3 4 5 7 |  7.5
Spellcasting   | 4 5 6 8 |  8.1
Dodging        | 3 |  3.8
Fighting       | |  0.5
Staves         | |  0.4
Stealth        | |  2.4

Action                   |  1- 3 |  4- 6 |  7- 9 || total
-------------------------+-------+-------+-------++-------
Melee: Unarmed           |     3 |     5 |       ||     8
       Dagger            |       |     9 |       ||     9
       Staff             |       |    24 |       ||    24
       Flail             |       |       |     1 ||     1
 Cast: Flame Tongue      |    53 |   116 |   180 ||   349
       Magic Dart        |       |     4 |     9 ||    13
       Conjure Flame     |       |     2 |     5 ||     7
       Iskenderun's Myst |       |       |     1 ||     1
  Use: Scroll            |       |       |     1 ||     1
  Eat: Chunk             |     1 |     9 |     9 ||    19
Armor: Robe              |     1 |    14 |    15 ||    30
Dodge: Dodged            |    15 |    59 |    43 ||   117
